[Event "Titled Tuesday Blitz March 15 Late 2022"]
[White "Fishbein, Mitch"]
[Black "Araujo Filho, Luiz Antonio Coel"]
[WhiteFideId "30922917"]
[BlackFideId "2130661"]
[WhiteElo "1939"]
[BlackElo "2200"]
[Result "1-0"]
[Round "03"]
[TimeControl "180+1"]
[Date "2022.03.16"]
[WhiteClock "0:00:01"]
[BlackClock "0:00:03"]

1. d4 f5 2. Nc3 Nf6 3. Bg5 g6 4. Bxf6 exf6 5. e3 d5 6. Bd3 c6 7. h4 Nd7 8. h5 Bg7 9. Nge2 Kf7 10. Nf4 Nb6 11. g4 g5 12. h6 Bf8 13. Nfe2 fxg4 14. Ng3 Be6 15. Bf5 Qd7 16. Qxg4 Bxf5 17. Nxf5 Rg8 18. O-O-O Rg6 19. Kb1 Re8 20. f3 Nc4 21. e4 Bb4 22. Na4 dxe4 23. fxe4 Nd2+ 24. Rxd2 Bxd2 25. Nc5 Qc7 26. Rf1 Bf4 27. e5 fxe5 28. Nd3 Kg8 29. dxe5 Bxe5 30. Re1 Rge6 31. Qc4 Kh8 32. Rg1 Bf6 33. a3 b5 34. Qb3 Qh2 35. Rf1 Qe2 36. Re1 Qg4 37. Rxe6 1-0


[Site "https://www.chess.com"]

[Event "Titled Tuesday Blitz March 15 Late 2022"]
[White "Foisor, Sabina-Francesca"]
[Black "Vlassov, Nikolai"]
[WhiteFideId "1212915"]
[BlackFideId "4103360"]
[WhiteElo "2243"]
[BlackElo "2407"]
[Result "0-1"]
[Round "03"]
[TimeControl "180+1"]
[Date "2022.03.16"]
[WhiteClock "0:00:03"]
[BlackClock "0:00:38"]

1. d4 Nf6 2. c4 Nc6 3. Nf3 e6 4. Nc3 Bb4 5. Bg5 h6 6. Bxf6 Bxc3+ 7. bxc3 Qxf6 8. e3 d6 9. Be2 e5 10. Rb1 O-O 11. O-O b6 12. Nd2 Na5 13. Bf3 Rb8 14. c5 dxc5 15. Ne4 Qg6 16. Nxc5 Bf5 17. e4 bxc5 18. exf5 Qxf5 19. Rxb8 Rxb8 20. Qa4 e4 21. Be2 cxd4 22. cxd4 Rb2 23. Ba6 Kh7 24. h3 e3 25. fxe3 Qg5 26. Rf2 Qxe3 27. Bd3+ g6 28. Bc2 Nb7 29. d5 Nd6 30. Qc4 Nxc4 0-1


[Site "https://www.chess.com"]

[Event "Titled Tuesday Blitz March 15 Late 2022"]
[White "Galperin, Platon"]
[Black "Goltsev, Dmitry"]
[WhiteFideId "14165414"]
[BlackFideId "24176710"]
[WhiteElo "2432"]
[BlackElo "2273"]
[Result "0-1"]
[Round "03"]
[TimeControl "180+1"]
[Date "2022.03.15"]
[WhiteClock "0:00:01"]
[BlackClock "0:01:08"]

1. Nf3 d5 2. e3 c6 3. c4 Nf6 4. h3 Nbd7 5. Nc3 e5 6. d4 exd4 7. exd4 Bd6 8. Bd3 O-O 9. O-O dxc4 10. Bxc4 Nb6 11. Bb3 h6 12. Qd3 Nbd5 13. Ne5 Nxc3 14. Qxc3 Nd5 15. Qg3 f6 16. Bxh6 Qc7 17. f4 Bf5 18. Rac1 Qe7 19. Nxc6 bxc6 20. Rxc6 Kh8 21. Rxd6 Nb4 22. Re1 Qc7 23. Qxg7+ Qxg7 24. Bxg7+ Kxg7 25. a3 Nd3 26. Re7+ Kh6 27. g4 Bg6 28. f5 Rae8 29. Rxe8 Bxe8 30. Ra6 Kg5 31. Rxa7 Kf4 32. Bc4 Nxb2 33. Bf1 Bc6 34. Rc7 Be4 35. Kf2 Rd8 36. Rf7 Rxd4 37. Rxf6 Rd2+ 38. Ke1 Ke3 39. Rd6 Rxd6 0-1


[Site "https://www.chess.com"]

[Event "Titled Tuesday Blitz March 15 Late 2022"]
[White "Gatterer, Florian"]
[Black "Bellissimo, Joseph F."]
[WhiteFideId "811688"]
[BlackFideId "2609843"]
[WhiteElo "2218"]
[BlackElo "2061"]
[Result "1/2-1/2"]
[Round "03"]
[TimeControl "180+1"]
[Date "2022.03.16"]
[WhiteClock "0:00:04"]
[BlackClock "0:00:07"]

1. e4 e6 2. d4 d5 3. Nc3 Nf6 4. e5 Nfd7 5. f4 c5 6. Nf3 Nc6 7. Be3 a6 8. Qd2 b5 9. dxc5 Bxc5 10. Bxc5 Nxc5 11. Qf2 Qe7 12. Bd3 Bb7 13. Ne2 O-O-O 14. O-O-O Nb4 15. Kb1 Ne4 16. Qe3 Kb8 17. a3 Nc6 18. Ned4 Na5 19. Nb3 Nc4 20. Bxc4 dxc4 21. Na5 c3 22. Nxb7 Qxb7 23. b4 f5 24. exf6 gxf6 25. Rhe1 f5 26. Ka1 a5 27. Ne5 axb4 28. axb4 Qa6+ 29. Kb1 Nd2+ 30. Rxd2 cxd2 31. Rd1 Rhe8 32. Qc5 Rc8 33. Nd7+ Kb7 34. Qe5 Ka8 35. Qd4 Rc6 36. Nc5 Qa7 37. Rxd2 Rec8 38. Kb2 Rxc5 39. bxc5 Qxc5 40. Qxc5 Rxc5 41. Rd6 Rc4 42. Rxe6 Rxf4 43. Re7 Rf2 44. Rxh7 Rxg2 45. Rf7 Rf2 46. Rf6 f4 47. h4 Kb7 48. h5 f3 49. h6 Rh2 50. Rxf3 Rxh6 51. Rf5 Kb6 52. c3 Ka5 53. Kb3 Rh1 54. c4 Rb1+ 55. Ka2 Rh1 56. Rxb5+ Ka4 57. Rb2 Rc1 58. Rd2 Rxc4 59. Rb2 Rh4 60. Rd2 Rh3 61. Rc2 Ra3+ 62. Kb2 Rb3+ 63. Kc1 Rh3 64. Kb2 Kb4 65. Rd2 Rb3+ 66. Kc2 Kc4 67. Re2 Rc3+ 68. Kd2 Ra3 69. Re4+ Kd5 70. Re2 Kd4 71. Re6 Ra2+ 72. Kc1 Rh2 73. Rd6+ Kc3 74. Rc6+ Kb4 75. Rb6+ Kc5 76. Rb8 Rh6 77. Kd1 Kd4 78. Ke1 Ke3 79. Re8+ Kf3 80. Rf8+ Kg3 81. Rg8+ Kh3 82. Kd2 Re6 83. Kd3 Re7 84. Kd4 Kh4 85. Kd3 Kh5 86. Kd4 Kh6 87. Rg2 Kh7 88. Kd5 Ra7 89. Kd6 Rf7 90. Ke6 Rf1 91. Ke5 Kh6 92. Ke6 Kh5 93. Ke5 Kh4 94. Rg8 Kh3 95. Ke4 Rf7 96. Ke5 Kh4 97. Ke6 Rf3 98. Ke5 Kh3 99. Ke4 Rf6 100. Ke5 Rh6 101. Ke4 Kh4 102. Ke5 Kh5 103. Kf4 Rf6+ 104. Ke5 Rg6 105. Rxg6 Kxg6 1/2-1/2


[Site "https://www.chess.com"]

[Event "Titled Tuesday Blitz March 15 Late 2022"]
[White "Gledura, Benjamin"]
[Black "Sanal, Vahap"]
[WhiteFideId "712779"]
[BlackFideId "6300545"]
[WhiteElo "2326"]
[BlackElo "2603"]
[Result "0-1"]
[Round "03"]
[TimeControl "180+1"]
[Date "2022.03.15"]
[WhiteClock "0:00:02"]
[BlackClock "0:00:29"]

1. Nf3 d5 2. g3 c6 3. Bg2 Nf6 4. O-O Bg4 5. h3 Bxf3 6. Bxf3 e6 7. d3 Nbd7 8. Bg2 Bd6 9. e4 Qb6 10. Kh1 h5 11. Qe2 h4 12. g4 dxe4 13. dxe4 e5 14. Nd2 Qc7 15. Nc4 Be7 16. f4 O-O-O 17. a4 Rhe8 18. a5 a6 19. g5 Ng8 20. Be3 Bc5 21. Bd2 Ne7 22. b4 Bd4 23. c3 Ba7 24. fxe5 Nxe5 25. Nxe5 Qxe5 26. Qg4+ Qe6 27. Qxe6+ fxe6 28. Be1 Ng6 29. e5 Rf8 30. Rxf8 Rxf8 31. Ra2 Rd8 32. Rd2 Rxd2 33. Bxd2 Bf2 34. c4 Bg3 35. Bf1 Bxe5 36. Kg2 Bf4 37. Bxf4 Nxf4+ 38. Kf3 e5 39. Ke4 Ne6 40. g6 Kd7 41. c5 Nf4 42. Kxe5 Nxg6+ 43. Kf5 Ne7+ 44. Kg5 Nd5 45. Kxh4 Nxb4 46. Kg5 Ke7 47. Kg6 Kf8 48. Kf5 Nd5 49. Ke6 Ke8 50. Kd6 Kd8 51. Ke6 Ke8 52. Kd6 Kd8 53. Ke6 Nc3 54. Kf7 g5 55. Kg6 Ne4 56. Bg2 Nxc5 57. Kxg5 Ke7 58. Kg6 Kf8 59. Kh7 Nb3 60. h4 Nxa5 61. h5 Nc4 62. h6 Ne5 63. Bh3 a5 64. Be6 c5 0-1


[Site "https://www.chess.com"]

[Event "Titled Tuesday Blitz March 15 Late 2022"]
[White "Golubev, Mikhail"]
[Black "Zhigalko, Sergei"]
[WhiteFideId "14100983"]
[BlackFideId "13502956"]
[WhiteElo "2374"]
[BlackElo "2662"]
[Result "0-1"]
[Round "03"]
[TimeControl "180+1"]
[Date "2022.03.15"]
[WhiteClock "0:00:01"]
[BlackClock "0:01:35"]

1. e4 c5 2. Nf3 Nc6 3. Nc3 Nf6 4. d4 cxd4 5. Nxd4 e5 6. Ndb5 d6 7. Bg5 a6 8. Na3 b5 9. Bxf6 gxf6 10. Nd5 Bg7 11. c3 f5 12. exf5 Bxf5 13. Nc2 Be6 14. Nce3 Ne7 15. a4 Nxd5 16. Nxd5 O-O 17. Be2 bxa4 18. O-O Rb8 19. Rxa4 Rxb2 20. Bxa6 Qg5 21. h4 Qd8 22. h5 Qg5 23. Qf3 e4 24. Rxe4 Bxd5 0-1


[Site "https://www.chess.com"]

[Event "Titled Tuesday Blitz March 15 Late 2022"]
[White "Golubka, Petro"]
[Black "Kubicka, Anna"]
[WhiteFideId "14114224"]
[BlackFideId "1152254"]
[WhiteElo "2346"]
[BlackElo "2000"]
[Result "1-0"]
[Round "03"]
[TimeControl "180+1"]
[Date "2022.03.16"]
[WhiteClock "0:01:39"]
[BlackClock "0:01:13"]

1. e4 c5 2. b3 Nc6 3. Bb2 e5 4. Bc4 d6 5. Nc3 Be7 6. Nf3 Nf6 7. h3 O-O 8. a4 Nd4 9. O-O a6 10. Re1 Rb8 11. Bf1 Bd7 12. a5 Nc6 13. Nd5 Re8 14. Nxe7+ Rxe7 15. Bc3 h6 16. Ra3 Nh7 17. Bc4 Be6 18. d3 Bxc4 19. dxc4 Re6 20. Re3 Rg6 21. Rd3 Qe7 22. Qe2 Rf8 23. Ra1 f5 24. Rad1 fxe4 25. Qxe4 Rf4 26. Qxg6 e4 27. Re3 1-0


[Site "https://www.chess.com"]

[Event "Titled Tuesday Blitz March 15 Late 2022"]
[White "Grischuk, Alexander"]
[Black "Sjugirov, Sanan"]
[WhiteFideId "4126025"]
[BlackFideId "4189302"]
[WhiteElo "2762"]
[BlackElo "2602"]
[Result "1/2-1/2"]
[Round "03"]
[TimeControl "180+1"]
[Date "2022.03.15"]
[WhiteClock "0:00:04"]
[BlackClock "0:00:12"]

1. e4 e5 2. Nf3 Nc6 3. Bb5 Nf6 4. O-O Nxe4 5. Re1 Nd6 6. Nxe5 Nxe5 7. Rxe5+ Be7 8. Bf1 O-O 9. Nc3 Bf6 10. Re1 Re8 11. Nd5 Rxe1 12. Qxe1 Bh4 13. d4 c6 14. Bf4 Ne8 15. Nc7 Nxc7 16. Bxc7 Qe7 17. d5 cxd5 18. Bg3 Bf6 19. Qxe7 Bxe7 20. Rd1 d6 21. Rxd5 Be6 22. Rd1 Rc8 23. Bd3 Bf6 24. b3 d5 25. f3 a6 26. Bf2 h5 27. g3 g6 28. Kg2 Kg7 29. a4 Bd7 30. h3 b5 31. axb5 Bxb5 32. Bxb5 axb5 33. Rd2 d4 34. g4 Be5 35. Bxd4 Bxd4 36. Rxd4 Rxc2+ 37. Kg3 Rc3 38. b4 h4+ 39. Kxh4 Rxf3 40. g5 f5 41. gxf6+ Kxf6 42. Kg4 Rc3 43. Re4 Rc1 44. h4 Rg1+ 45. Kf4 Rf1+ 46. Kg4 Rg1+ 47. Kf4 Rf1+ 48. Kg4 Rg1+ 1/2-1/2


[Site "https://www.chess.com"]

[Event "Titled Tuesday Blitz March 15 Late 2022"]
[White "Gulecyuz, Deniz"]
[Black "Miszler, Levente"]
[WhiteFideId "30921341"]
[BlackFideId "763276"]
[WhiteElo "1923"]
[BlackElo "1966"]
[Result "1-0"]
[Round "03"]
[TimeControl "180+1"]
[Date "2022.03.16"]
[WhiteClock "0:00:35"]
[BlackClock "0:00:40"]

1. Nf3 Nf6 2. g3 g6 3. Bg2 Bg7 4. O-O O-O 5. c4 d6 6. Nc3 e5 7. d3 Nc6 8. Rb1 a5 9. a3 h6 10. b4 axb4 11. axb4 Be6 12. b5 Ne7 13. Qc2 Qd7 14. Rd1 Bh3 15. Bh1 Ng4 16. Nd2 Rab8 17. Nd5 f5 18. Nxe7+ Qxe7 19. Ba3 f4 20. Bd5+ Kh7 21. Ne4 fxg3 22. hxg3 Rf5 23. c5 Rbf8 24. cxd6 cxd6 25. Bxd6 Qd7 26. Bxf8 Qxd5 27. Bxg7 Rxf2 28. Qc7 Rg2+ 29. Kf1 Rf2+ 30. Ke1 Rf7 31. Qc4 Qd8 32. Qxf7 Qa5+ 33. Rd2 1-0


[Site "https://www.chess.com"]

[Event "Titled Tuesday Blitz March 15 Late 2022"]
[White "Hambleton, Aman"]
[Black "Seul, Georg"]
[WhiteFideId "2606577"]
[BlackFideId "4601653"]
[WhiteElo "2552"]
[BlackElo "2271"]
[Result "1-0"]
[Round "03"]
[TimeControl "180+1"]
[Date "2022.03.16"]
[WhiteClock "0:00:03"]
[BlackClock "0:00:04"]

1. d4 Nf6 2. Bf4 c5 3. e3 Nd5 4. Bg3 Qb6 5. b3 Qb4+ 6. Qd2 Qxd2+ 7. Kxd2 cxd4 8. exd4 Nc6 9. Nf3 g6 10. c4 Bh6+ 11. Kc2 Nf4 12. Nc3 d6 13. Rd1 Bf5+ 14. Kb2 Nb4 15. Bxf4 Bxf4 16. a3 Na6 17. g3 Bh6 18. Bd3 Bxd3 19. Rxd3 Nc7 20. Re1 Kd7 21. b4 Bg7 22. Kb3 h6 23. Nb5 Nxb5 24. cxb5 e6 25. Rc3 Rac8 26. Rec1 Rxc3+ 27. Rxc3 Rc8 28. Rxc8 Kxc8 29. a4 Kd7 30. Kc4 d5+ 31. Kc3 Kd6 32. Kd3 f6 33. Nh4 g5 34. Ng2 e5 35. g4 exd4 36. h3 f5 37. f3 Ke5 38. Ne1 Kf4 39. Ke2 Kg3 40. gxf5 Kxh3 41. Kf2 g4 42. fxg4 Kxg4 43. Nd3 Kxf5 44. Nc5 b6 45. Nd7 h5 46. a5 h4 47. Nxb6 h3 48. Nxd5 Ke4 49. b6 h2 50. Kg2 d3 51. bxa7 d2 52. Nc3+ Bxc3 53. a8=Q+ Ke3 54. Qf3+ Kd4 55. Kxh2 1-0


[Site "https://www.chess.com"]

[Event "Titled Tuesday Blitz March 15 Late 2022"]
[White "Hartikainen, Jarmo"]
[Black "Rabineau, Clement"]
[WhiteFideId "503134"]
[BlackFideId "628891"]
[WhiteElo "2084"]
[BlackElo "2237"]
[Result "0-1"]
[Round "03"]
[TimeControl "180+1"]
[Date "2022.03.16"]
[WhiteClock "0:00:04"]
[BlackClock "0:00:10"]

1. e4 d6 2. d4 g6 3. Nc3 Bg7 4. Be3 a6 5. a4 Nc6 6. Nf3 Nf6 7. h3 O-O 8. Be2 e5 9. d5 Ne7 10. Qd2 Nxe4 11. Nxe4 f5 12. Nc3 f4 13. g4 fxe3 14. fxe3 Bd7 15. e4 b5 16. axb5 axb5 17. O-O b4 18. Nb5 Rxa1 19. Rxa1 Bxb5 20. Bxb5 Rxf3 21. Bc6 Nxc6 22. dxc6 Rf8 23. Qd5+ Kh8 24. Rf1 Rxf1+ 25. Kxf1 Qg8 26. Qb5 Qf8+ 27. Ke2 Bh6 28. Qb7 Qd8 29. c3 bxc3 30. bxc3 Bg5 31. Kd3 Kg7 32. Kc4 Be3 33. Kb5 Bb6 34. Kc4 Qg8+ 35. Kd3 Qa2 36. Qc8 Qb1+ 37. Kd2 Qb2+ 38. Kd3 Qf2 39. Qd7+ Qf7 40. Qxf7+ Kxf7 41. Ke2 Ke6 42. Kf3 d5 43. Kg3 dxe4 44. Kg2 e3 45. Kf1 Kd5 46. Ke2 Ke4 47. c4 Bc5 48. h4 Kf4 49. g5 Kg4 0-1


[Site "https://www.chess.com"]

[Event "Titled Tuesday Blitz March 15 Late 2022"]
[White "Hess, Max"]
[Black "Alfaro, William"]
[WhiteFideId "24656666"]
[BlackFideId "6100457"]
[WhiteElo "2276"]
[BlackElo "2096"]
[Result "0-1"]
[Round "03"]
[TimeControl "180+1"]
[Date "2022.03.16"]
[WhiteClock "0:00:02"]
[BlackClock "0:00:23"]

1. d4 Nf6 2. Nf3 g6 3. g3 Bg7 4. Bg2 O-O 5. O-O d6 6. b3 c5 7. Bb2 Nc6 8. d5 Nb4 9. c4 Bd7 10. Nbd2 b5 11. e4 Nd3 12. Bxf6 Bxf6 13. Rb1 b4 14. Qe2 Ne5 15. Ne1 a5 16. f4 Ng4 17. e5 dxe5 18. h3 exf4 19. hxg4 fxg3 20. Nc2 a4 21. Ne4 Bg7 22. Qf3 axb3 23. axb3 Ra2 24. Rbc1 Qc7 25. g5 Bf5 26. Ne3 Bd4 27. Kh1 Bxe3 28. Qxe3 Qe5 29. Qxg3 Qxg3 30. Nxg3 Bc2 31. Rf3 Rfa8 32. Re3 Kf8 33. Rce1 Ra1 34. Kh2 Rxe1 35. Rxe1 Bxb3 36. Bf1 Ra2+ 37. Kh3 Bc2 38. Kg4 b3 39. Ne2 b2 40. Nc3 Ra3 41. Nb1 Ra1 42. d6 exd6 43. Re2 Bxb1 44. Rxb2 Bf5+ 45. Kh4 Rxf1 46. Rb8+ Ke7 47. Rb7+ Ke6 48. Rb8 Rf3 0-1


[Site "https://www.chess.com"]

[Event "Titled Tuesday Blitz March 15 Late 2022"]
[White "Hirneise, Jens"]
[Black "Arabidze, Meri"]
[WhiteFideId "24614734"]
[BlackFideId "13604040"]
[WhiteElo "2359"]
[BlackElo "2335"]
[Result "1-0"]
[Round "03"]
[TimeControl "180+1"]
[Date "2022.03.16"]
[WhiteClock "0:01:32"]
[BlackClock "0:00:01"]

1. d4 f5 2. Bg5 Nf6 3. Bxf6 exf6 4. g3 d5 5. Bg2 c6 6. h4 Bd6 7. Nh3 Be6 8. Nd2 g6 9. e3 Na6 10. a3 Nc7 11. Qe2 Qd7 12. O-O-O O-O-O 13. c4 dxc4 14. Nxc4 Nd5 15. Nf4 Nxf4 16. gxf4 Bc7 17. Kb1 Kb8 18. Rc1 Rhe8 19. Qc2 h5 20. Qc3 Bf7 21. Rhd1 Qe7 22. Na5 Bxa5 23. Qxa5 Bd5 24. Bxd5 Rxd5 25. Qc3 g5 26. fxg5 fxg5 27. hxg5 Qxg5 28. Rh1 h4 29. Rcg1 Qh6 30. Rh3 f4 31. Rgh1 fxe3 32. fxe3 Rh5 33. Qe1 a6 34. Ka1 Re4 35. Qf2 Ka7 36. Qf3 Re8 37. e4 Rh8 38. e5 Qd2 39. Rd1 Qg5 40. Qf2 Qf5 41. Rf3 Qg4 42. d5+ Ka8 43. dxc6 bxc6 44. Rg1 Qd7 45. Rf8+ Rxf8 46. Qxf8+ Kb7 47. Rg7 1-0


[Site "https://www.chess.com"]

[Event "Titled Tuesday Blitz March 15 Late 2022"]
[White "Holt, Conrad"]
[Black "Lazavik, Denis"]
[WhiteFideId "2034387"]
[BlackFideId "13515110"]
[WhiteElo "2586"]
[BlackElo "2437"]
[Result "1/2-1/2"]
[Round "03"]
[TimeControl "180+1"]
[Date "2022.03.15"]
[WhiteClock "0:00:08"]
[BlackClock "0:00:07"]

1. d4 Nf6 2. c4 e6 3. Nc3 Bb4 4. Qc2 O-O 5. e4 d5 6. e5 Ne4 7. Bd3 c5 8. Nf3 cxd4 9. Nxd4 Nd7 10. Bf4 Qh4 11. g3 Qh5 12. O-O g5 13. cxd5 Bxc3 14. bxc3 exd5 15. e6 gxf4 16. exd7 Bxd7 17. Bxe4 dxe4 18. Qxe4 fxg3 19. hxg3 b6 20. Rfe1 Rfe8 21. Qb7 Qg4 22. Re7 Rxe7 23. Qxa8+ Be8 24. Nc6 Re2 25. Nd4 Re7 26. a4 h5 27. a5 h4 28. Qd8 Kf8 29. Qd6 hxg3 30. fxg3 Qg6 31. Qxg6 fxg6 32. axb6 axb6 33. Kf2 Bf7 34. Ra8+ Kg7 35. Rc8 Bd5 36. Rd8 Bf7 37. Rd6 Rc7 38. Nb5 Rb7 39. Ke3 Be8 40. Nd4 Bf7 41. Kd3 b5 42. Nc6 Rc7 43. Kd4 Be8 44. Ne5 Re7 45. g4 g5 46. Nf3 Rc7 47. Nxg5 Rc4+ 48. Kd3 Rxg4 49. Ne6+ Kf6 50. Nc7+ Ke7 51. Nxe8 Kxe8 52. Rb6 Rg5 53. Kc2 Kd7 54. Kb3 Kc7 55. Rf6 Rh5 56. Kb4 Kb7 57. Rg6 Kc7 58. Rf6 Kb7 59. Ka5 Rc5 60. Rf3 Kc7 61. Ka6 Kc6 62. Rh3 Kc7 63. Rg3 Kc6 64. Rh3 Rc4 65. Rh6+ Kc7 66. Kxb5 Rxc3 67. Rh5 Rc1 68. Rc5+ Rxc5+ 69. Kxc5 1/2-1/2


[Site "https://www.chess.com"]

[Event "Titled Tuesday Blitz March 15 Late 2022"]
[White "Iskusnyh, Sergei"]
[Black "Kujawski, Adam"]
[WhiteFideId "4120027"]
[BlackFideId "1100920"]
[WhiteElo "2492"]
[BlackElo "2053"]
[Result "1-0"]
[Round "03"]
[TimeControl "180+1"]
[Date "2022.03.16"]
[WhiteClock "0:00:12"]
[BlackClock "0:00:07"]

1. d4 Nf6 2. c4 e6 3. g3 c5 4. Nf3 cxd4 5. Nxd4 d5 6. Bg2 e5 7. Nf3 d4 8. O-O Nc6 9. e3 Bc5 10. exd4 exd4 11. Re1+ Be6 12. Ng5 O-O 13. Nxe6 fxe6 14. Nd2 d3 15. Rf1 Nd4 16. Nb3 Nxb3 17. axb3 e5 18. Bg5 Kh8 19. Bxb7 Rb8 20. Be4 Qd4 21. Be3 Qxe4 22. Bxc5 Rfd8 23. Rxa7 d2 24. Be3 Rd3 25. Qe2 Rbd8 26. Rd1 Ng4 27. Rxd2 Rxd2 28. Qxd2 Rxd2 29. Bxd2 h6 30. h3 Nf6 31. Be3 Qd3 32. c5 Qxb3 33. c6 Qd1+ 34. Kh2 Qc2 35. c7 Nd5 36. Ra8+ Kh7 37. c8=Q Nxe3 38. Qxc2+ Nxc2 39. Rc8 Nd4 40. b4 Kg6 41. Rc5 Kf6 42. b5 Ke6 43. b6 Kd6 44. b7 Kxc5 45. b8=Q Kd5 46. Qg8+ Ke4 47. Qxg7 Nf3+ 48. Kh1 Ng5 49. Qg6+ Kd4 50. Qxh6 Ne4 51. Qh4 Kd3 52. Qxe4+ Kxe4 53. Kg2 Kd3 54. h4 Ke4 55. h5 Kf5 56. g4+ Kg5 57. Kg3 e4 58. Kh3 Kf4 59. h6 Kf3 60. h7 Kxf2 61. h8=Q e3 62. Qf8+ Ke2 63. Kg2 Kd3 64. Qd6+ Ke2 65. Qd4 Ke1 66. Qxe3+ 1-0


[Site "https://www.chess.com"]

[Event "Titled Tuesday Blitz March 15 Late 2022"]
[White "Jacobson, Brandon"]
[Black "Badelka, Olga"]
[WhiteFideId "30901561"]
[BlackFideId "13509926"]
[WhiteElo "2362"]
[BlackElo "2165"]
[Result "1-0"]
[Round "03"]
[TimeControl "180+1"]
[Date "2022.03.15"]
[WhiteClock "0:01:35"]
[BlackClock "0:00:13"]

1. Nf3 Nf6 2. c4 e6 3. Nc3 d5 4. d4 Bb4 5. Qa4+ Nc6 6. e3 O-O 7. Bd2 dxc4 8. Bxc4 Bd6 9. Qc2 e5 10. dxe5 Nxe5 11. Nxe5 Bxe5 12. O-O Qe7 13. f4 Bxc3 14. Bxc3 Qxe3+ 15. Kh1 Qb6 16. Rf3 Ne8 17. Bd3 f5 18. Re1 Be6 19. Rfe3 Bd5 20. Bxf5 g6 21. Bxg6 hxg6 22. Re6 Qxe6 23. Rxe6 1-0


[Site "https://www.chess.com"]

[Event "Titled Tuesday Blitz March 15 Late 2022"]
[White "Janaszak, Dawid"]
[Black "Bryakin, Mikhail"]
[WhiteFideId "1119206"]
[BlackFideId "4165314"]
[WhiteElo "2199"]
[BlackElo "2417"]
[Result "1/2-1/2"]
[Round "03"]
[TimeControl "180+1"]
[Date "2022.03.16"]
[WhiteClock "0:00:08"]
[BlackClock "0:00:17"]

1. e4 d6 2. Nc3 Nf6 3. d4 Nbd7 4. Nge2 e5 5. g3 c6 6. a4 a5 7. Bg2 Qc7 8. O-O Be7 9. h3 O-O 10. g4 Re8 11. Be3 Nf8 12. f4 exf4 13. Nxf4 Ne6 14. Nfe2 Nd7 15. Ng3 Bg5 16. Qf3 Bxe3+ 17. Qxe3 Qb6 18. Nf5 Rd8 19. Rad1 Nf6 20. g5 Ne8 21. Kh1 Qc7 22. h4 Nf8 23. h5 Bxf5 24. exf5 d5 25. Rde1 Nd6 26. Qf4 Re8 27. h6 Rxe1 28. Rxe1 Re8 29. Rf1 Qd8 30. hxg7 Kxg7 31. Nd1 Ne4 32. f6+ Kg8 33. Ne3 Ng6 34. Qh2 h5 35. Nf5 h4 36. Nxh4 Nf8 37. Nf5 Ne6 38. g6 fxg6 39. f7+ Kxf7 40. Nd6+ Kg8 41. Nxe8 Qxe8 42. Bxe4 dxe4 43. Qe5 Qd7 44. Rf6 Qh7+ 45. Kg1 Nf8 46. Qe8 Qg7 47. Rf1 Qxd4+ 48. Kh1 Qg7 49. Qxe4 Qh6+ 50. Kg1 Qg5+ 51. Qg2 Qxg2+ 52. Kxg2 Ne6 53. Rd1 Nc5 54. b3 Kf7 55. Kf3 Ke6 56. Rd8 Nd7 57. Rg8 Ne5+ 58. Ke4 Kd6 59. Ra8 b6 60. Ra7 Nd7 61. Ra8 Nc5+ 62. Kf4 Ne6+ 63. Kg4 Nd4 64. Rd8+ Kc5 65. Rg8 Nxc2 66. Rxg6 Nd4 67. Kf4 Nxb3 68. Ke4 b5 69. axb5 cxb5 70. Kd3 Kb4 71. Rg5 Nc5+ 72. Kc2 a4 73. Kb2 Nd3+ 74. Kc2 Nc5 75. Kb2 Nd3+ 76. Kc2 Ne1+ 77. Kb2 Nf3 78. Rg4+ Ka5 79. Ka3 Nd2 80. Rg5 Nc4+ 81. Ka2 Kb4 82. Rg4 Ka5 83. Rg5 Nb6 84. Rh5 Nd7 85. Rh4 Nf6 86. Rh6 Ne4 87. Rh4 Nc3+ 88. Kb2 Nd5 89. Rd4 Ne3 90. Rh4 Nc4+ 91. Ka2 Kb4 92. Rg4 a3 93. Rh4 Ka4 94. Rg4 Kb4 95. Rh4 Ka5 96. Rg4 Kb4 1/2-1/2


[Site "https://www.chess.com"]

[Event "Titled Tuesday Blitz March 15 Late 2022"]
[White "Jarocka, Liwia"]
[Black "Zavgorodniy, Sergiy"]
[WhiteFideId "21807558"]
[BlackFideId "14110148"]
[WhiteElo "1896"]
[BlackElo "2420"]
[Result "0-1"]
[Round "03"]
[TimeControl "180+1"]
[Date "2022.03.16"]
[WhiteClock "0:01:13"]
[BlackClock "0:01:12"]

1. Nf3 Nf6 2. b3 d6 3. d4 Nbd7 4. Bb2 b6 5. g3 Bb7 6. Bg2 g6 7. O-O Bg7 8. c4 O-O 9. Nc3 e6 10. Qd2 Qe7 11. Rfd1 Ne4 12. Nxe4 Bxe4 13. Rac1 a5 14. h4 f5 15. d5 Bxb2 16. Qxb2 Bxf3 17. Bxf3 e5 18. Bg2 e4 19. a3 Ne5 20. b4 axb4 21. axb4 Nd7 22. Ra1 Rxa1 23. Rxa1 f4 24. Qd4 e3 25. fxe3 fxg3 26. Ra7 Ne5 27. Bh3 h5 28. Be6+ Kh7 29. Qxb6 Qxh4 30. Qxc7+ Rf7 31. Qxf7+ Nxf7 32. Rxf7+ Kh6 0-1


[Site "https://www.chess.com"]

[Event "Titled Tuesday Blitz March 15 Late 2022"]
[White "Jaskolka, Tomasz"]
[Black "Borodavkin, Anatoly"]
[WhiteFideId "1170791"]
[BlackFideId "14150662"]
[WhiteElo "2073"]
[BlackElo "1845"]
[Result "1-0"]
[Round "03"]
[TimeControl "180+1"]
[Date "2022.03.16"]
[WhiteClock "0:02:48"]
[BlackClock "0:02:09"]

1. d4 d5 2. Bf4 Nf6 3. e3 e6 4. c3 Bd6 5. Bg3 O-O 6. Nd2 c5 7. Ngf3 c4 8. b3 b5 9. a4 bxa4 10. bxc4 Bxg3 11. hxg3 Qa5 12. Qc2 Bd7 13. cxd5 Nxd5 14. Qxh7# 1-0


[Site "https://www.chess.com"]

[Event "Titled Tuesday Blitz March 15 Late 2022"]
[White "Kadam, Om Manish"]
[Black "Sarkar, Justin"]
[WhiteFideId "45076294"]
[BlackFideId "2010011"]
[WhiteElo "1729"]
[BlackElo "2038"]
[Result "1/2-1/2"]
[Round "03"]
[TimeControl "180+1"]
[Date "2022.03.16"]
[WhiteClock "0:00:14"]
[BlackClock "0:00:04"]

1. e4 g6 2. d4 Bg7 3. Nf3 d6 4. Bc4 Nf6 5. Nc3 O-O 6. h3 Nxe4 7. Bxf7+ Rxf7 8. Nxe4 Nc6 9. c3 e5 10. dxe5 Nxe5 11. Nxe5 Bxe5 12. O-O d5 13. Ng5 Rf8 14. Be3 c6 15. Nf3 Bd6 16. b4 Qf6 17. Nd4 Qe5 18. g3 Bxh3 19. Re1 Qf6 20. Qd2 h5 21. Bg5 Qf7 22. f4 Rfe8 23. Nf3 Bg4 24. Ne5 Bxe5 25. fxe5 Bf5 26. Bf6 Be4 27. Rad1 Kh7 28. g4 Qe6 29. gxh5 Qg4+ 30. Kf1 Qh3+ 31. Kg1 Qg3+ 32. Kf1 Qh3+ 33. Kg1 Qg3+ 34. Kf1 Qh3+ 1/2-1/2


[Site "https://www.chess.com"]

[Event "Titled Tuesday Blitz March 15 Late 2022"]
[White "Kamsky, Gata"]
[Black "Riehle, Marco"]
[WhiteFideId "2000024"]
[BlackFideId "12904392"]
[WhiteElo "2645"]
[BlackElo "2462"]
[Result "1/2-1/2"]
[Round "03"]
[TimeControl "180+1"]
[Date "2022.03.15"]
[WhiteClock "0:00:39"]
[BlackClock "0:00:45"]

1. e4 e5 2. Nf3 Nf6 3. Nxe5 Nxe4 4. Qe2 Qe7 5. Qxe4 d6 6. d4 dxe5 7. dxe5 Nc6 8. Nc3 Qxe5 9. Qxe5+ Nxe5 10. Bf4 f6 11. O-O-O Bd7 12. Bxe5 fxe5 13. Bd3 O-O-O 14. Rhe1 Bd6 15. Ne4 h6 16. c3 Rhf8 17. f3 g5 18. h3 Bc6 19. b4 a6 20. Bc4 Be7 21. Kc2 Rxd1 22. Kxd1 h5 23. Kc2 Bd7 24. Nf2 g4 25. hxg4 Bh4 26. Re2 Bxf2 27. Rxf2 hxg4 28. Re2 gxf3 29. gxf3 Rf5 30. Bd5 c6 31. Be4 Rg5 32. c4 Kc7 33. c5 b6 34. cxb6+ Kxb6 35. Rd2 Bf5 36. Kd3 Rh5 37. a3 c5 38. Bxf5 Rxf5 39. Ke3 cxb4 40. axb4 Kb5 41. Rd6 Rf4 1/2-1/2


[Site "https://www.chess.com"]